 Dungeon Crawl Stone Soup version 0.28-a0-1130-gc51a68064b (webtiles) character file.

Game seed: 7503729734706338522

78 flotson the Sneak (level 4, 0/37 HPs)
             Began as a Demonspawn Delver on Dec 12, 2021.
             Slain by Crazy Yiuf (12 damage)
             ... on level 2 of the Dungeon.
             The game lasted 00:03:46 (2366 turns).

flotson the Sneak (Demonspawn Delver)               Turns: 2366, Time: 00:03:47

Health: 0/37       AC:  3    Str: 15    XL:     4   Next: 15%
Magic:  4/4        EV: 12    Int: 11    God:
Gold:   41         SH:  0    Dex: 14    Spells: 3/3 levels left

rFire   . . .      SeeInvis .   a - +0 spear
rCold   . . .      Faith    .   (no shield)
rNeg    . . .      Spirit   .   b - +0 leather armour
rPois   .          Reflect  .   (helmet restricted)
rElec   .          Harm     .   (no cloak)
rCorr   .          Rampage  .   (no gloves)
Will    .....                   (no boots)
Stlth   ++........              e - amulet of the acrobat
HPRegen 0.12/turn               (no ring)
MPRegen 0.09/turn               (no ring)

@: no status effects
A: horns 2, demonic magic 1
a: no special abilities


You were on level 2 of the Dungeon.
You visited 1 branch of the dungeon, and saw 5 of its levels.

You collected 41 gold pieces.

Inventory:

Hand Weapons
 a - a +0 spear (weapon)
Missiles
 p - 8 poisoned darts (quivered)
Armour
 b - a +0 leather armour (worn)
Jewellery
 e - an amulet of the acrobat (around neck)
 k - a ring of wizardry
Wands
 g - a wand of digging (3)
Scrolls
 c - a scroll of fog
 d - a scroll of torment {unknown}
 h - a scroll of brand weapon {unknown}
 i - a scroll of teleportation {unknown}
 l - a scroll of summoning {unknown}
 m - a scroll of fear
 o - a scroll of identify {unknown}
Potions
 f - a potion of curing
 j - a potion of flight {unknown}
 n - a potion of heal wounds {unknown}


   Skills:
 + Level 3.7 Fighting
 - Level 1.7 Polearms
 + Level 0.1 Throwing
 + Level 1.8 Armour
 + Level 2.7 Dodging
 - Level 4.5 Stealth


You had 3 spell levels left.
You didn't know any spells.
Your spell library was empty.

Dungeon Overview and Level Annotations

Branches:
Dungeon (5/15)
 Temple: D:4-7

Altars:

Annotations:
D:2 Crazy Yiuf
D:4 Ijyb


Innate Abilities, Weirdness & Mutations

You have a pair of horns on your head.
Spells you cast may paralyse adjacent enemies.


Message History

Press: ? - help, Q - select action Shift-Dir - straight line, f/p - Crazy Yiuf
Aim: Crazy Yiuf, wielding a +3 quarterstaff of chaos and wearing a +0 cloak (lightly wounded, poisoned, 63% to hit)
You throw a poisoned dart. The poisoned dart hits Crazy Yiuf.
Crazy Yiuf looks even sicker.
Crazy Yiuf is lightly wounded.
Crazy Yiuf hits you with a +3 quarterstaff of chaos!
You blink.
Crazy Yiuf whimpers, "Peeping!"
Crazy Yiuf yells, "Sif Muna stair alas!"
Throw: 12 darts (poison)
Press: ? - help, Q - select action Shift-Dir - straight line, f/p - Crazy Yiuf
Aim: Crazy Yiuf, wielding a +3 quarterstaff of chaos and wearing a +0 cloak (severely wounded, poisoned, 63% to hit)
You throw a poisoned dart.
The poisoned dart barely misses Crazy Yiuf.
Throw: 11 darts (poison)
Press: ? - help, Q - select action Shift-Dir - straight line, f/p - Crazy Yiuf
Aim: Crazy Yiuf, wielding a +3 quarterstaff of chaos and wearing a +0 cloak (severely wounded, poisoned, 63% to hit)
You throw a poisoned dart.
The poisoned dart closely misses Crazy Yiuf.
Crazy Yiuf looks more healthy.
Crazy Yiuf says, "Flower high Hive!"
Throw: 10 darts (poison)
Press: ? - help, Q - select action Shift-Dir - straight line, f/p - Crazy Yiuf
Aim: Crazy Yiuf, wielding a +3 quarterstaff of chaos and wearing a +0 cloak (almost dead, 63% to hit)
You throw a poisoned dart. The poisoned dart hits Crazy Yiuf.
Crazy Yiuf is poisoned.
Crazy Yiuf is almost dead.
Crazy Yiuf hits you with a +3 quarterstaff of chaos.
Crazy Yiuf burns you.
* * * LOW HITPOINT WARNING * * *
Crazy Yiuf looks more healthy.
Crazy Yiuf grits, "Papa!"
Throw: 9 darts (poison)
Press: ? - help, Q - select action Shift-Dir - straight line, f/p - Crazy Yiuf
Aim: Crazy Yiuf, wielding a +3 quarterstaff of chaos and wearing a +0 cloak (almost dead, 63% to hit)
You throw a poisoned dart. The poisoned dart hits Crazy Yiuf.
Crazy Yiuf is poisoned.
Crazy Yiuf is almost dead.
Crazy Yiuf hits you with a +3 quarterstaff of chaos!
You die...

#...#♣..♣.P....#.# ###
#(..(g♣♣♣♣...g...###### ..#
#)..#♣♣ ♣♣P..........# ###
### ♣♣##.#.#.#..# ###
###.#.#..# #.# #(#....#
#.##################.###..##
............#..............#
.....###.##.#...@g..<......#
.....###.##.#.####.#.#####.#
............#........#####.#
...........................#
.......>###..........#.##..#
...........................#
.(#.#...##..........########
..#............######
..#.##......#..# ###


You could see Crazy Yiuf (poisoned).

Vanquished Creatures
  An adder (D:2)
  2 dart slugs
  9 bats
  2 endoplasms (D:1)
  2 giant cockroaches (D:2)
  5 goblins
  5 hobgoblins
  8 jackals (D:1)
  5 quokkas
  6 ball pythons
  3 frilled lizards
  3 kobolds
  8 rats
59 creatures vanquished.

Notes
Turn   | Place    | Note
-------+----------+-------------------------------------------
     0 | D:5      | flotson the Demonspawn Delver began the quest for the Orb.
     0 | D:5      | Reached XP level 1. HP: 18/18 MP: 1/1
     1 | D:5      | Noticed a jelly
    19 | D:4      | Noticed Ijyb
    28 | D:4      | Noticed an orc priest
    32 | D:4      | Noticed a scorpion
   463 | D:1      | Gained mutation: Spells you cast may paralyse adjacent
                  | enemies. [demonic ancestry]
   463 | D:1      | Reached XP level 2. HP: 22/24 MP: 2/2
   488 | D:1      | Reached skill level 1 in Armour
   801 | D:1      | Gained mutation: You have a pair of small horns on your
                  | head. [demonic ancestry]
   801 | D:1      | Reached XP level 3. HP: 15/29 MP: 3/3
  2053 | D:2      | Gained mutation: You have a pair of horns on your head.
                  | [demonic ancestry]
  2053 | D:2      | Reached XP level 4. HP: 37/37 MP: 4/4
  2281 | D:2      | Found a faded altar of an unknown god.
  2337 | D:2      | Found a runed translucent door.
  2338 | D:2      | Noticed Crazy Yiuf
  2366 | D:2      | Slain by Crazy Yiuf

Illustrated notes

Levels and vault maps discovered:
D:1:      dpeg_arrival_tiny_a, layout_rooms, minmay_pentomino_w4
D:2:      layout_basic, hellmonk_ecumenical_altar_leap_of_faith,
          kennysheep_boxes, uniq_crazy_yiuf_cottage
D:3:      layout_basic, minivault_5, uniq_robin
D:4:      layout_rooms, lemuel_blue_sif_altar, uniq_ijyb
D:5:      layout_cave_pods, nicolae_overflow_quartered_altars,
          kennysheep_generic_room_5

Skill      XL: |  1  2 |
---------------+-------+-----
Dodging        | 2 |  2.7
Armour         | 1 |  1.8
Fighting       | |  3.7
Polearms       | |  1.7
Throwing       | |  0.1
Stealth        | |  4.5

Action                   |  1- 3 |  4- 6 || total
-------------------------+-------+-------++-------
Melee: Spear             |   188 |    21 ||   209
       Headbutt          |    11 |     1 ||    12
Throw: Dart              |       |     9 ||     9
  Use: Scroll            |     2 |       ||     2
       Potion            |     1 |       ||     1
 Stab: Sleeping          |     8 |     1 ||     9
Armor: Leather armour    |    56 |     7 ||    63
Dodge: Dodged            |   129 |    17 ||   146

Table legend: (Time is in decaauts)
 A = Elapsed time spent in this place.
 B = Non-inter-level travel time spent in this place.
 C = Inter-level travel time spent in this place.
 D = Time resting spent in this place.
 E = Time spent auto-exploring this place.
 F = Levels seen in this place.
 G = Mean time per level.
                   A        B        C        D        E       F      G
               +--------+--------+--------+--------+--------+-----+--------+
         Total |   2349 |   2346 |      3 |      6 |   1814 |   5 |  469.8 |
       Dungeon |   2349 |   2346 |      3 |      6 |   1814 |   5 |  469.8 |
               +--------+--------+--------+--------+--------+-----+--------+

Top non-repeatable levels by time:
     D:2: 1251 daAuts
     D:1: 1020 daAuts
     D:3: 36 daAuts
     D:4: 26 daAuts
     D:5: 14 daAuts
